 Dungeon Crawl Stone Soup version 0.29-a0-322-g68df515428 (webtiles) character file.

Game seed: 8947720431308436509

833 pokeman the Thaumaturge (level 7, -16/38 HPs)
             Began as a Deep Elf Hedge Wizard on Apr 9, 2022.
             Demolished by a two-headed ogre
             ... wielding a +0 giant club
              (25 damage)
             ... on level 6 of the Dungeon.
             The game lasted 00:12:10 (6588 turns).

pokeman the Thaumaturge (Deep Elf Hedge Wizard)     Turns: 6588, Time: 00:12:11

Health: -16/38     AC:  9    Str:  7    XL:     7   Next: 65%
Magic:  2/20       EV: 13    Int: 19    God:
Gold:   72         SH:  0    Dex: 22    Spells: 8/22 levels left

rFire   . . .      SeeInvis .   q - +9 mace "Ciebb" {freeze, rN+ Int-2 Dex+2}
rCold   . . .      Faith    .   (no shield)
rNeg    + . .      Spirit   .   x - +3 leather armour
rPois   .          Reflect  .   H - +1 helmet
rElec   .          Harm     .   s - +0 cloak
rCorr   .          Rampage  .   (no gloves)
Will    .....                   (no boots)
Stlth   +++.......              (no amulet)
HPRegen 0.12/turn               u - +6 ring of dexterity
MPRegen 0.17/turn               (no ring)

@: no status effects
A: no striking features
a: no special abilities


You were on level 6 of the Dungeon.
You visited 2 branches of the dungeon, and saw 7 of its levels.

You collected 242 gold pieces.
You spent 170 gold pieces at shops.

Inventory:

Hand Weapons
 q - the +9 mace "Ciebb" (weapon) {freeze, rN+ Int-2 Dex+2}
   (You found it on level 3 of the Dungeon)

   It freezes those it strikes, dealing additional cold damage.
   It can also slow down cold-blooded creatures.
   Int:       It affects your intelligence (-2).
   Dex:       It affects your dexterity (+2).
   rN:        It protects you from negative energy.
 r - a +4 quarterstaff of chaos
Armour
 s - a +0 cloak (worn)
 w - a +0 buckler
 x - a +3 leather armour (worn)
 H - a +1 helmet (worn)
Jewellery
 g - an amulet of guardian spirit
 u - a +6 ring of dexterity (left hand)
Wands
 b - a wand of flame (17)
 t - a wand of iceblast (5)
 E - a wand of polymorph (4)
Scrolls
 a - a scroll of blinking
 c - a scroll of magic mapping
 f - 5 scrolls of teleportation
 k - 3 scrolls of amnesia
 p - a scroll of enchant armour
 v - a scroll of vulnerability
 y - a scroll of fog
 C - a scroll of immolation {unknown}
 F - a scroll of holy word {unknown}
Potions
 d - a potion of magic
 e - 2 potions of might
 h - 3 potions of attraction
 l - a potion of brilliance
 m - 4 potions of curing
 n - a potion of flight
 o - a potion of heal wounds
 z - a potion of resistance
 A - a potion of haste {unknown}
 B - a potion of mutation {unknown}
 D - a potion of experience {unknown}
 G - a potion of cancellation


   Skills:
 - Level 1.0 Fighting
 - Level 1.0 Armour
 - Level 3.0 Dodging
 - Level 3.0 Stealth
 + Level 1.7 Shields
 * Level 8.4 Spellcasting
 + Level 4.2 Conjurations
 - Level 1.1 Summonings
 - Level 1.1 Translocations
 + Level 2.4 Fire Magic
 - Level 1.0 Air Magic
 - Level 1.1 Earth Magic
 - Level 1.1 Poison Magic
 - Level 1.1 Evocations


You had 8 spell levels left.
You knew the following spells:

 Your Spells              Type           Power      Damage    Failure   Level
a - Magic Dart            Conj           96%        1d7       2%          1
b - Mephitic Cloud        Conj/Pois/Air  16%        N/A       16%         3
c - Call Imp              Summ           12%        N/A       12%         2
d - Blink                 Tloc           24%        N/A       12%         2
e - Conjure Flame         Conj/Fire      20%        6-21      10%         3
f - Stone Arrow           Conj/Erth      36%        3d9       13%         3

Your spell library contained the following spells:

 Spells                   Type           Power      Damage    Failure   Level
 Searing Ray              Conj           48%        2d6       3%          2
 Sandblast                Erth           24%        2d8       9%          1
 Slow                     Hex            32%        N/A       13%         1
 Passwall                 Tmut/Erth      8%         N/A       16%         2
 Fulminant Prism          Conj/Hex       8%         3d7       47%         4


Dungeon Overview and Level Annotations

Branches:
Dungeon (6/15)             Temple (1/1) D:6

Altars:
Ashenzari
Dithmenos
Elyvilon
Fedhas
Hepliaklqana
Kikubaaqudgha
Makhleb
Nemelex Xobeh
Okawaru
Qazlal
Ru
Sif Muna
Trog
Uskayaw
Wu Jian
Xom
Yredelemnul
The Shining One

Shops:
D:5 *   D:6 ?

Annotations:
D:5 3 runed translucent doors, Bediveer's ghost, novice HuBr; calli0pe's ghost, amateur HuBe; sammy202020's ghost, novice DsBe; siradein's ghost, amateur OpCj


Message History

* * * LOW HITPOINT WARNING * * *
You swap places.
Your white imp gestures at the two-headed ogre.
The puff of frost hits the two-headed ogre.
You hear a sizzling sound!
The two-headed ogre hits your white imp with a +0 giant club!!
Your white imp dies!
Your white imp disappears in a puff of smoke!
Casting: Mephitic Cloud (quite dangerous; 16% risk of failure)
Confirm with . or Enter, or press ? or * to list all spells.
Aiming: Magic Dart (safe; 2% risk of failure)
Press: ? - help, Shift-Dir - straight line, f/p - two-headed ogre
Aim: a two-headed ogre, wielding a +0 giant club and a +0 giant spiked club (almost dead, unaware, hasn't noticed you, 100% to hit)
The magic dart hits the two-headed ogre.
The two-headed ogre is almost dead.
The two-headed ogre shouts in stereo!
Casting: Magic Dart (safe; 2% risk of failure)
Confirm with . or Enter, or press ? or * to list all spells.
The spell is quite dangerous to miscast (16% risk of failure)!
Continue anyway?
Okay, then.
Casting: Mephitic Cloud (quite dangerous; 16% risk of failure)
Confirm with . or Enter, or press ? or * to list all spells.
The spell is quite dangerous to miscast (16% risk of failure)!
Continue anyway?
Aiming: Mephitic Cloud (quite dangerous; 16% risk of failure)
Press: ? - help, Shift-Dir - straight line, f/p - two-headed ogre
Aim: a two-headed ogre, wielding a +0 giant club and a +0 giant spiked club (almost dead, chance to affect: 53%)
The ball explodes into a vile cloud!
The stinking cloud engulfs the two-headed ogre but does no damage.
The two-headed ogre is almost dead.
The two-headed ogre is engulfed in noxious fumes.
Unknown command.
Casting: Mephitic Cloud (quite dangerous; 16% risk of failure)
Confirm with . or Enter, or press ? or * to list all spells.
You don't have enough magic to cast this spell.
Unknown command.
The two-headed ogre is engulfed in noxious fumes.
The two-headed ogre attacks as you move away!
The two-headed ogre hits you with a +0 giant club!!
Ouch! That really hurt!
You die...

.##.##.##.# #.#
#.#.#..##.# ..#
##...#.##.# #.#
##.##.##.## #.# ####
#.##.##.##.#.# #..
###.##.##.##.#.# #.#
...............###.#####.
###.##.##.####...........
#..##.##.####.#@....###.#
##.###.##.......O........#
.....#.#######.#.....####
.###.#.........##○○.## .#
#....##########○##
.###.#.#.......# #.#
...>.#....(..#.# #.#
##.........>...# #)#
#######........ ..#


You could see a two-headed ogre.

Vanquished Creatures
  A phantom (D:5)
  A scorpion (D:5)
  A bullfrog (D:6)
  A howler monkey (D:6)
  Crazy Yiuf (D:2)
  2 jellies
  2 orc priests
  A hound (D:5)
  6 iguanas
  4 orc wizards (D:4)
  3 gnolls (D:4)
  5 adders
  A shadow imp (D:6)
  A worm (D:2)
  A dart slug (D:3)
  10 orcs
  7 ball pythons
  3 endoplasms
  3 giant cockroaches
  4 goblins
  5 hobgoblins
  4 kobolds
  4 quokkas
  5 bats
  4 frilled lizards
  3 rats
83 creatures vanquished.

Vanquished Creatures (collateral kills)
  4 orcs (D:4)
  An endoplasm (D:4)
5 creatures vanquished.

Grand Total: 88 creatures vanquished

Notes
Turn   | Place    | Note
-------+----------+-------------------------------------------
     0 | D:1      | pokeman the Deep Elf Hedge Wizard began the quest for the
                  | Orb.
     0 | D:1      | Reached XP level 1. HP: 10/10 MP: 7/7
   350 | D:1      | Reached XP level 2. HP: 11/16 MP: 1/9
  1351 | D:2      | Reached skill level 5 in Spellcasting
  1456 | D:2      | Found a runed translucent door.
  1457 | D:2      | Noticed Crazy Yiuf
  1608 | D:2      | Found a faded altar of an unknown god.
  1618 | D:2      | Reached XP level 3. HP: 20/20 MP: 8/11
  1622 | D:2      | Learned a level 3 spell: Mephitic Cloud
  1625 | D:2      | Learned a level 2 spell: Call Imp
  1628 | D:2      | Learned a level 2 spell: Blink
  1632 | D:2      | Learned a level 3 spell: Conjure Flame
  2041 | D:2      | Killed Crazy Yiuf
  2042 | D:2      | Reached skill level 1 in Fighting
  2042 | D:2      | Reached skill level 1 in Armour
  2397 | D:3      | Reached XP level 4. HP: 25/25 MP: 5/13
  2509 | D:3      | You fall into a shaft and drop 1 floor!
  2749 | D:4      | Reached skill level 1 in Fire Magic
  2754 | D:4      | Reached skill level 6 in Spellcasting
  2880 | D:4      | Reached XP level 5. HP: 29/29 MP: 11/15
  3484 | D:4      | Reached skill level 1 in Air Magic
  3728 | D:3      | Identified the +9 mace "Ciebb" {freeze, rN+ Int-2 Dex+2}
  3893 | D:3      | Learned a level 3 spell: Stone Arrow
  4027 | D:3      | Reached XP level 6. HP: 34/34 MP: 11/17
  4214 | D:4      | Reached skill level 1 in Poison Magic
  4218 | D:4      | Reached skill level 7 in Spellcasting
  4218 | D:4      | Reached skill level 1 in Evocations
  4475 | D:5      | Entered Level 5 of the Dungeon
  4587 | D:5      | Found a runed translucent gate.
  4587 | D:5      | Found a runed translucent gate.
  4590 | D:5      | Noticed Bediveer's ghost (novice HuBr)
  4591 | D:5      | Found a runed translucent gate.
  4591 | D:5      | Noticed calli0pe's ghost (amateur HuBe)
  4591 | D:5      | Noticed siradein's ghost (amateur OpCj)
  4591 | D:5      | Noticed sammy202020's ghost (novice DsBe)
  4620 | D:5      | Reached skill level 1 in Earth Magic
  4819 | D:5      | Found Nuqirem's Assorted Antiques.
  5106 | D:5      | Reached XP level 7. HP: 38/38 MP: 14/20
  5277 | D:5      | Reached skill level 1 in Shields
  5861 | D:6      | Reached skill level 8 in Spellcasting
  5983 | D:6      | Found a staircase to the Ecumenical Temple.
  5993 | Temple   | Entered the Ecumenical Temple
  6307 | D:6      | Found Arul's Magic Scroll Shop.
  6315 | D:6      | Bought a scroll of magic mapping for 38 gold pieces
  6315 | D:6      | Bought a scroll of identify for 22 gold pieces
  6315 | D:6      | Bought a scroll of teleportation for 33 gold pieces
  6315 | D:6      | Bought a scroll of noise for 11 gold pieces
  6315 | D:6      | Bought a scroll of identify for 22 gold pieces
  6315 | D:6      | Bought a scroll of identify for 22 gold pieces
  6315 | D:6      | Bought a scroll of identify for 22 gold pieces
  6566 | D:6      | Noticed a two-headed ogre
  6588 | D:6      | Demolished by a two-headed ogre

Illustrated notes

Levels and vault maps discovered:
D:1:      lightli_arrival_farm, layout_loops_ring, minmay_tetromino_s4
D:2:      layout_basic, shapermc_ecumenical_altar_flowoftime, chequers_garden,
          uniq_crazy_yiuf_cottage
D:3:      layout_rooms, chequers_serial_rivers_micro_d, minmay_distorted
D:4:      layout_cave_pools, kennysheep_donut
D:5:      layout_layer_cave, serial_shops,
          nicolae_shop_competitors_out_of_business, gammafunk_ghost_cemetery,
          kennysheep_generic_room_16
D:6:      layout_loops_ring, minmay_temple_entry_sparse_star, serial_shops, shop
Temple:   hc_temple_tempest_star

Skill      XL: |  1  2  3  4  5  6  7 |
---------------+----------------------+-----
Spellcasting   | 5 6 7 8 |  8.4
Fighting       | 1 |  1.0
Armour         | 1 |  1.0
Conjurations   | 2 3 4 |  4.2
Fire Magic     | 1 2 |  2.4
Dodging        | 3 |  3.0
Air Magic      | 1 |  1.0
Stealth        | 3 |  3.0
Poison Magic   | 1 |  1.1
Evocations     | 1 |  1.1
Earth Magic    | 1 |  1.1
Shields        | 1 |  1.7
Summonings     | |  1.1
Translocations | |  1.1

Action                   |  1- 3 |  4- 6 |  7- 9 || total
-------------------------+-------+-------+-------++-------
Melee: Dagger            |     9 |       |       ||     9
       Quarterstaff      |     2 |    12 |       ||    14
       Hand axe          |     2 |       |       ||     2
       Mace              |       |     7 |     4 ||    11
 Cast: Magic Dart        |    71 |   108 |    51 ||   230
       Mephitic Cloud    |     2 |     8 |     4 ||    14
       Call Imp          |     1 |     4 |     2 ||     7
       Conjure Flame     |     1 |     1 |     3 ||     5
  Use: Scroll            |       |       |    13 ||    13
 Stab: Sleeping          |     1 |       |       ||     1
       Confused          |       |     2 |       ||     2
Armor: Robe              |     7 |       |       ||     7
       Leather armour    |     1 |     7 |     1 ||     9
Dodge: Dodged            |    15 |     8 |     6 ||    29

Table legend: (Time is in decaauts)
 A = Elapsed time spent in this place.
 B = Non-inter-level travel time spent in this place.
 C = Inter-level travel time spent in this place.
 D = Time resting spent in this place.
 E = Time spent auto-exploring this place.
 F = Levels seen in this place.
 G = Mean time per level.
                   A        B        C        D        E       F      G
               +--------+--------+--------+--------+--------+-----+--------+
         Total |   6616 |   6517 |     99 |    429 |   5317 |   7 |  945.1 |
       Dungeon |   6409 |   6316 |     93 |    429 |   5133 |   6 | 1068.2 |
        Temple |    206 |    200 |      6 |      0 |    184 |   1 |  206.0 |
               +--------+--------+--------+--------+--------+-----+--------+

Top non-repeatable levels by time:
     D:4: 1467 daAuts
     D:5: 1382 daAuts
     D:2: 1327 daAuts
     D:1: 1061 daAuts
     D:3: 643 daAuts
     D:6: 526 daAuts
  Temple: 206 daAuts
